 Dungeon Crawl Stone Soup version 0.26.1-2-gb8aa6d0cf2 (webtiles) character file.

Game seed: 8662824966235554999

15328 Groucho the Unseen (level 12, -4/51 HPs)
             Began as a Spriggan Enchanter on Feb 20, 2021.
             Was a Priest of Kikubaaqudgha.
             Slain by an eight-headed hydra (13 damage)
             ... on level 2 of the Lair of Beasts.
             The game lasted 00:58:18 (36845 turns).

Groucho the Unseen (Spriggan Enchanter)            Turns: 36845, Time: 00:58:20

Health: -4/51      AC:  3    Str:  9    XL:     12   Next: 0%
Magic:  21/26      EV: 29    Int: 19    God:    Kikubaaqudgha [***...]
Gold:   768        SH:  0    Dex: 16    Spells: 14/30 levels left

rFire    + . .     SeeInvis +   q - +7 short sword (venom)
rCold    + . .     Faith    .   (shield restricted)
rNeg     . . .     Spirit   .   y - +0 robe {rC+ rF+}
rPois    .         Reflect  .   (helmet restricted)
rElec    .         Harm     .   L - +0 cloak {Will+}
rCorr    .         Rampage  .   (gloves unavailable)
Will     ++++.                  (boots unavailable)
Stlth    +++++++...             f - amulet of magic regeneration
HPRegen  0.17/turn              H - ring of stealth
MPRegen  0.45/turn              E - ring of willpower

@: confusing touch, very quick
A: very small, unfitting armour, horns 1, repulsion field 1, see invisible,
speed 3, strong 1
a: Renounce Religion, Receive Corpses


You were on level 2 of the Lair of Beasts.
You worshipped Kikubaaqudgha.
Kikubaaqudgha was most pleased with you.
You visited 3 branches of the dungeon, and saw 16 of its levels.

You collected 963 gold pieces.
You spent 195 gold pieces at shops.

Inventory:

Hand Weapons
 a - a +1 dagger
 q - a +7 short sword of venom (weapon)
 r - a +2 short sword of speed
 P - a +1 dagger of flaming
Missiles
 h - 475 stones
 z - 5 curare-tipped darts
 B - 5 boomerangs (quivered)
 R - 52 poisoned darts
Armour
 i - a +0 cloak
 y - a +0 robe of resistance (worn)
 K - a scarf of harm
 L - a +0 cloak of willpower (worn)
 S - +0 steam dragon scales
Jewellery
 f - an amulet of magic regeneration (around neck)
 E - a ring of willpower (right hand)
 H - a ring of stealth (left hand)
 V - an uncursed ring of flight
Wands
 p - a wand of disintegration (13)
 s - a wand of paralysis (10)
 C - a wand of random effects (15)
 I - a wand of flame (29)
Scrolls
 b - 2 scrolls of enchant armour {unknown}
 d - 2 scrolls of immolation
 k - 5 scrolls of amnesia
 l - 5 scrolls of remove curse
 n - 7 scrolls of teleportation
 t - a scroll of holy word {unknown}
 w - 2 scrolls of noise
 F - 2 scrolls of magic mapping {unknown}
 G - 2 scrolls of blinking {unknown}
 J - 3 scrolls of fear {unknown}
 M - a scroll of random uselessness {unknown}
 N - 2 scrolls of fog {unknown}
 Q - 5 scrolls of identify
Potions
 c - 2 potions of curing
 e - 2 potions of magic
 g - 4 potions of lignification
 j - 2 potions of brilliance
 m - a potion of mutation
 o - a potion of invisibility {unknown}
 u - a potion of resistance {unknown}
 v - 3 potions of heal wounds
 x - a potion of ambrosia {unknown}
 A - 3 potions of might {unknown}
 D - 2 potions of degeneration
 O - 4 potions of flight {unknown}
 T - a potion of berserk rage {unknown}
 U - a potion of attraction {unknown}


   Skills:
 + Level 8.7 Short Blades
 + Level 11.4 Dodging
 - Level 15.0 Stealth
 + Level 9.8 Spellcasting
 + Level 10.0 Hexes
 + Level 6.0 Necromancy


You had 14 spell levels left.
You knew the following spells:

 Your Spells              Type           Power        Failure   Level
a - Corona                Hex            52%          1%          1
b - Ensorcelled Hibernat  Hex/Ice        56%          1%          2
c - Confusing Touch       Hex            47%          1%          3
d - Tukima's Dance        Hex            47%          1%          3
e - Dazzling Flash        Conj/Hex       56%          2%          3
f - Dispel Undead         Necr           32%          6%          4

Your spell library contained the following spells:

 Spells                   Type           Power        Failure   Level
 Animate Skeleton         Necr           64%          1%          1
 Pain                     Necr           100%         1%          1
 Sublimation of Blood     Necr           16%          1%          2
 Vampiric Draining        Necr           16%          1%          3
 Corpse Rot               Necr/Air       N/A          3%          2
 Apportation              Tloc           18%          8%          1
 Summon Small Mammal      Summ           36%          8%          1
 Agony                    Necr           32%          17%         5
 Excruciating Wounds      Necr           16%          17%         5
 Borgnjor's Vile Clutch   Necr/Erth      10%          52%         5
 Simulacrum               Ice/Necr       10%          97%         6


Dungeon Overview and Level Annotations

Branches:
Dungeon (13/15)            Temple (1/1) D:5            Lair (2/6) D:8
  Snake (0/4) Lair:2          Orc (0/2) D:9
  Swamp: Lair:2-4    Shoals: Lair:2-4    Vaults: D:13-14

Altars:
Ashenzari
Cheibriados
Dithmenos
Elyvilon
Fedhas
Gozag
Hepliaklqana
Kikubaaqudgha
Makhleb
Nemelex Xobeh
Okawaru
Qazlal
Ru
Sif Muna
Trog
Uskayaw
Vehumet
Wu Jian
Xom
Yredelemnul
Zin
The Shining One

Shops:
D:5 (   D:6 [   D:7 [!   D:9 (

Annotations:
D:6 exclusion: statue


Innate Abilities, Weirdness & Mutations

You are very small and have problems with some larger weapons.
You are too small for most types of armour.
You have supernaturally acute eyesight. (SInv)
You cover ground extremely quickly.
You have a pair of small horns on your head.
You are surrounded by a mild repulsion field. (EV +2)
Your muscles are strong. (Str +2)


Message History

The eight-headed hydra closely misses you. x2
The eight-headed hydra misses you.
Unknown command.
You hit the eight-headed hydra but do no damage.
You hit the eight-headed hydra but do no damage.
The eight-headed hydra barely misses you.
The eight-headed hydra closely misses you.
The eight-headed hydra completely misses you.
The eight-headed hydra barely misses you.
The eight-headed hydra completely misses you.
The eight-headed hydra bites you! x2
* * * LOW HITPOINT WARNING * * *
The eight-headed hydra closely misses you.
You hit the eight-headed hydra but do no damage.
You headbutt the eight-headed hydra, but do no damage.
The eight-headed hydra completely misses you.
The eight-headed hydra bites you but does no damage.
The eight-headed hydra bites you!
You die...
Kikubaaqudgha rasps: "You have failed me!
Welcome... death!"

###..###...............##.
.......................##
≈.≈.....................#.
≈≈≈≈≈≈....................
≈≈≈≈≈≈....................
≈≈≈≈≈≈.##...............##
≈.≈≈≈≈≈##..............##
.>≈≈≈≈≈##.......†......#
.≈.≈≈≈.#≈......D@......##
≈≈≈≈≈≈≈≈#..............P#
≈≈≈≈≈≈.................##
≈≈≈≈≈..................# .
.....................#
.....................#
.........)...........#
...........###P##....#
.........### ### ....#


You could see an eight-headed hydra.

Vanquished Creatures
  A hydra (D:11)
  Erica (D:9)
  A two-headed ogre (D:9)
  An unseen horror (D:12)
  Pikel (D:4)
  5 cane toads
  Maggie (D:9)
  2 komodo dragons (Lair:1)
  Grinder (D:3)
  4 shadows
  A basilisk (Lair:1)
  10 yaks
  Menkaure (D:4)
  A vampire mosquito (D:7)
  A warg (Lair:1)
  4 water moccasins
  An ice beast (D:7)
  4 orc warriors
  4 sky beasts
  A black bear (D:9)
  Purgy (D:3)
  5 ogres
  4 phantoms
  5 wolves (Lair:1)
  2 centaurs
  2 lemures (D:4)
  The ghost of Mattiprrivan the Bolt Thrower, an amateur KoHu of Nemelex Xobeh (D:3)
  14 bullfrogs
  A gnoll sergeant (D:10)
  7 scorpions
  2 troll zombies (D:9)
  9 killer bees
  7 wights
  3 electric eels (Lair:2)
  4 howler monkeys
  2 bullfrog zombies
  5 hounds
  5 jellies
  2 gnoll shamans
  9 orc priests
  8 orc wizards
  3 bullfrog skeletons
  3 centaur skeletons
  Ijyb (D:3)
  Terence (D:3)
  5 iguanas
  13 worker ants
  4 ogre zombies (D:9)
  A hound zombie (D:10)
  2 worker ant zombies
  A howler monkey skeleton (D:8)
  16 adders
  7 gnolls
  2 shadow imps
  3 white imps
  An ufetubus (D:7)
  An ooze (D:2)
  2 adder zombies
  3 adder skeletons
  3 worms
  4 dart slugs
  5 leopard geckos
  50 orcs
  8 bats
  2 giant cockroaches
  2 gnoll zombies (D:4)
  8 hobgoblins
  9 jackals
  6 quokkas
  4 ball pythons
  8 frilled lizards
  11 goblins
  2 goblin skeletons (D:9)
  A goblin zombie (D:9)
  A hobgoblin skeleton (D:9)
  A hobgoblin zombie (D:9)
  12 kobolds
  A leopard gecko skeleton (D:4)
  A leopard gecko zombie (D:8)
  An orc skeleton (D:9)
  13 orc zombies (D:9)
  A quokka skeleton (D:5)
  16 rats
  2 butterflies (Lair:1)
385 creatures vanquished.

Vanquished Creatures (others)
  2 dancing weapons
  10 fungi
  23 plants
35 creatures vanquished.

Grand Total: 420 creatures vanquished

Notes
Turn   | Place    | Note
-------+----------+-------------------------------------------
     0 | D:1      | Groucho the Spriggan Enchanter began the quest for the Orb.
     0 | D:1      | Reached XP level 1. HP: 9/9 MP: 5/5
   898 | D:1      | Reached skill level 5 in Stealth
  1154 | D:1      | Reached XP level 2. HP: 10/13 MP: 6/6
  1970 | D:1      | Reached skill level 6 in Stealth
  2456 | D:1      | Learned a level 2 spell: Ensorcelled Hibernation
  3262 | D:1      | Reached XP level 3. HP: 16/16 MP: 8/8
  4003 | D:2      | Reached skill level 7 in Stealth
  4248 | D:2      | Found a blossoming altar of Fedhas.
  4276 | D:2      | Reached XP level 4. HP: 21/21 MP: 6/9
  5208 | D:2      | Reached skill level 8 in Stealth
  5444 | D:3      | Learned a level 3 spell: Confusing Touch
  5651 | D:3      | Noticed Terence
  5653 | D:3      | Killed Terence
  5687 | D:3      | Noticed Grinder
  5793 | D:3      | Killed Grinder
  5794 | D:3      | Reached skill level 10 in Stealth
  5794 | D:3      | Reached XP level 5. HP: 11/24 MP: 7/10
  5794 | D:3      | Reached XP level 6. HP: 13/28 MP: 7/11
  6485 | D:3      | Noticed Ijyb
  6493 | D:3      | Killed Ijyb
  6494 | D:3      | Reached skill level 11 in Stealth
  7684 | D:3      | Found a stormy altar of Qazlal.
  8147 | D:3      | Found a runed translucent door.
  8152 | D:3      | Noticed Mattiprrivan's ghost (amateur KoHu)
  8272 | D:3      | Found a snail-covered altar of Cheibriados.
  8650 | D:3      | Noticed Purgy
  8668 | D:3      | Killed Purgy
  9159 | D:3      | Reached skill level 12 in Stealth
  9167 | D:3      | Killed Mattiprrivan's ghost
  9168 | D:3      | Reached XP level 7. HP: 27/32 MP: 1/12
  9420 | D:3      | Gained mutation: You are surrounded by a mild repulsion
                  | field. (EV +2) [potion of mutation]
  9420 | D:3      | Gained mutation: Your muscles are strong. (Str +2) [potion
                  | of mutation]
  9420 | D:3      | Gained mutation: You have a pair of small horns on your
                  | head. [potion of mutation]
  9535 | D:3      | Learned a level 3 spell: Tukima's Dance
  9790 | D:4      | Noticed Pikel
 10269 | D:4      | Found an ornate altar of the Wu Jian Council.
 10501 | D:4      | Found a basalt altar of Yredelemnul.
 10582 | D:4      | Noticed Menkaure
 10593 | D:4      | Killed Menkaure
 10594 | D:4      | Reached skill level 13 in Stealth
 10787 | D:4      | Killed Pikel
 10788 | D:4      | Reached skill level 15 in Stealth
 10788 | D:4      | Reached XP level 8. HP: 3/36 MP: 4/13
 12029 | D:4      | Found an iron altar of Okawaru.
 12753 | D:5      | Entered Level 5 of the Dungeon
 12753 | D:5      | Found Roacwuobb's Weapon Shop.
 12955 | D:5      | Reached skill level 5 in Dodging
 12955 | D:5      | Reached skill level 5 in Hexes
 13402 | D:5      | Found a sparkling altar of Nemelex Xobeh.
 13873 | D:5      | Found a staircase to the Ecumenical Temple.
 13971 | Temple   | Entered the Ecumenical Temple
 14026 | Temple   | Became a worshipper of Kikubaaqudgha
 14235 | D:6      | Found a radiant altar of Vehumet.
 14670 | D:6      | Found a shimmering blue altar of Sif Muna.
 14687 | D:6      | Reached XP level 9. HP: 31/39 MP: 4/16
 15282 | D:6      | Found Opawabox's Armour Emporium.
 15450 | D:6      | Reached skill level 5 in Spellcasting
 16609 | D:6      | Reached skill level 1 in Necromancy
 18088 | D:7      | Found an opulent altar of Gozag.
 18358 | D:7      | Reached skill level 5 in Short Blades
 18419 | D:7      | Reached * piety under Kikubaaqudgha
 18419 | D:7      | Identified Kikubaaqudgha's Grimoire of Necromancy
                  | (Kikubaaqudgha gifted it to you on level 7 of the Dungeon)
 18419 | D:7      | Received a gift from Kikubaaqudgha
 19126 | D:7      | Reached XP level 10. HP: 44/44 MP: 13/21
 19932 | D:7      | Found Fufumu's Distillery.
 20278 | D:7      | Found Hebaor's Antique Armour Shop.
 20288 | D:7      | Bought a runed cloak for 195 gold pieces
 20611 | D:8      | Learned a level 3 spell: Dazzling Flash
 21506 | D:8      | Found a staircase to the Lair.
 22466 | D:8      | Found a sacrificial altar of Ru.
 22625 | D:9      | Found a staircase to the Orcish Mines.
 22650 | D:9      | Reached ** piety under Kikubaaqudgha
 23238 | D:9      | Found a burning altar of Makhleb.
 23871 | D:9      | Found Mejeun's Antique Weapon Boutique.
 24036 | D:9      | Noticed Maggie
 24154 | D:9      | Found a glowing silver altar of Zin.
 24155 | D:9      | Noticed a green death
 24155 | D:9      | Noticed an angel
 24196 | D:9      | Noticed a two-headed ogre
 24203 | D:9      | Killed a two-headed ogre
 24210 | D:9      | Killed Maggie
 24417 | D:9      | Noticed Erica
 24428 | D:9      | Killed Erica
 24470 | D:9      | Reached *** piety under Kikubaaqudgha
 24470 | D:9      | Identified Kikubaaqudgha's Collected Works on Dark Rites
                  | (Kikubaaqudgha gifted it to you on level 9 of the Dungeon)
 24470 | D:9      | Received a gift from Kikubaaqudgha
 24483 | D:9      | Learned a level 4 spell: Dispel Undead
 26679 | D:10     | Entered Level 10 of the Dungeon
 27987 | D:10     | Reached XP level 11. HP: 45/47 MP: 22/24
 29200 | D:11     | Found a broken altar of Ashenzari.
 30060 | D:11     | Reached skill level 10 in Dodging
 30108 | D:11     | Noticed an eight-headed hydra
 30115 | D:11     | Killed an eight-headed hydra
 30401 | D:12     | Found a shadowy altar of Dithmenos.
 30475 | D:12     | Noticed an unseen horror
 30487 | D:12     | Killed an unseen horror
 30488 | D:12     | Reached skill level 5 in Necromancy
 31139 | Lair:1   | Entered Level 1 of the Lair of Beasts
 33534 | Lair:2   | Reached **** piety under Kikubaaqudgha
 35450 | Lair:2   | Found a staircase to the Snake Pit.
 35501 | Lair:2   | Noticed an eight-headed hydra
 36243 | Lair:2   | Reached skill level 10 in Hexes
 36717 | Lair:2   | Reached XP level 12. HP: 49/51 MP: 26/26
 36845 | Lair:2   | Slain by an eight-headed hydra

Illustrated notes

Levels and vault maps discovered:
D:1:      dpeg_arrival_water_fire, layout_basic, minmay_tromino_v4_b
D:2:      layout_basic, lemuel_doored_altar
D:3:      layout_basic, grunt_qazlal_clouds, cheibriados_altar_1,
          ebering_ghost_sewer_d, saegor_snake_ambush, uniq_purgy, uniq_terence,
          uniq_grinder, uniq_ijyb
D:4:      layout_basic, okawaru_altar_gauntlet_db,
          lemuel_zombie_altar_yredelemnul, pdpol_wu_jian_five_deadly_venoms,
          serial_corexii_hall, chequers_hall_statues_y,
          corexii_hall_statues_deadend, uniq_pikel, uniq_menkaure
D:5:      layout_cave_pods, general_overflow_altar, minmay_temple_entry_mist,
          serial_shops, shop
D:6:      layout_basic, nicolae_overflow_crystal_walls, vehumet_statue,
          serial_shops, kennysheep_mini_moat
D:7:      nzn_winding_woodlands_three_and_one
          [nzn_winding_woodlands_5x15_longhouse,
          nzn_winding_woodlands_5x15_split_checker,
          nzn_winding_woodlands_5x15_twine,
          nzn_winding_woodlands_center_pierced_h], layout_loops_ring,
          serial_shops, nicolae_shop_temple_entry_statues_fountains,
          nicolae_shop_window_shopping, grunt_gozag_statues
D:8:      layout_loops_ring, nicolae_ru_the_path_less_chosen, dpeg_oklobed_lair
D:9:      layout_long_grid, grunt_temple_overflow_order_and_chaos_2,
          zombieorc1_lemuel, serial_shops, shop, uniq_maggie, uniq_erica
D:10:     layout_basic
D:11:     layout_cave_pools, ashenzari_altar_1
D:12:     layout_rooms, nicolae_dithmenos_the_darkroom
D:13:     layout_rooms, hangedman_vaults_entry_quadrant_bands, enter_bailey_2
Temple:   eino_wide_crystal_templ
Lair:1:   beast_lair_carwin_large_2, layout_cave_pods, grunt_megastairs_4,
          serial_bayou_shore_a, lemuel_fruit_tree, serial_bayou_shore_b,
          lemuel_fruit_fields
Lair:2:   layout_small_grid, dummy_snake_entry, serial_bayou,
          serial_bayou_pond_d, serial_bayou_lake_a, serial_bayou_pond_a,
          serial_bayou_pond_e, guppyfry_lair_drakes, infiniplex_staircase_pool_2

Skill      XL: |  1  2  3  4  5  6  7  8  9 10 11 |
---------------+----------------------------------+-----
Stealth        | 5 6 7 10 12 15 | 15.0
Spellcasting   | 4 6 8 9 |  9.8
Hexes          | 5 7 8 10 | 10.0
Short Blades   | 3 5 7 8 |  8.7
Dodging        | 5 7 9 11 | 11.4
Necromancy     | 2 4 6 |  6.0

Action                   |  1- 3 |  4- 6 |  7- 9 | 10-12 || total
-------------------------+-------+-------+-------+-------++-------
Melee: Dagger            |   173 |    81 |       |       ||   254
       Short sword       |       |    55 |   374 |   477 ||   906
       Headbutt          |       |       |    71 |    70 ||   141
Throw: Stone             |    31 |    17 |    17 |     5 ||    70
       Boomerang         |       |       |       |    15 ||    15
 Cast: Ensorcelled Hiber |     6 |    20 |    62 |    97 ||   185
       Confusing Touch   |       |     9 |    35 |    45 ||    89
       Tukima's Dance    |       |       |     2 |       ||     2
Evoke: Wand              |       |       |       |     3 ||     3
  Use: Scroll            |     2 |     1 |     4 |     8 ||    15
       Potion            |       |     1 |     5 |     1 ||     7
 Stab: Sleeping          |    19 |    24 |    51 |    98 ||   192
       Confused          |       |     7 |    21 |    27 ||    55
       Distracted        |       |       |     3 |     4 ||     7
Armor: Robe              |    13 |    17 |    20 |    18 ||    68
       Skin              |       |       |     3 |       ||     3
Dodge: Dodged            |   114 |   102 |   284 |   341 ||   841
